 Dungeon Crawl Stone Soup version 0.31-a0-1074-g0b22e4e0f1 (webtiles) character file.

Game seed: 9207028104730166674

646063 grandjackal the Demonic Aeon (level 26, -20/212 HPs)
             Began as a Demonspawn Gladiator on Dec 1, 2023.
             Was the Champion of Cheibriados.
             Killed from afar by an ancient champion (41 damage)
             ... with an iron shot
             ... on level 2 of the Tomb of the Ancients.
             The game lasted 01:53:29 (62092 turns).

grandjackal the Demonic Aeon (DsGl)                Turns: 62092, Time: 01:53:30

Health: -20/212    AC: 37    Str: 43    XL:     26   Next: 62%
Magic:  0/49       EV: 10    Int: 36    God:    Cheibriados [******]
Gold:   7690       SH: 20    Dex: 36    Spells: 14/45 levels left

rFire   + + .        T - +9 broad axe (heavy)
rCold   + + +        G - +2 shield of Resistance {rF++ rC++ Will++}
rNeg    + . .        E - +8 orange crystal plate armour {Archmagi, Int+3 Clar}
rPois   +            (helmet unavailable)
rElec   .            x - +0 cloak of Atheism {Slay+3 SInv}
rCorr   +            d - +0 pair of gloves of Moafoet {rC+ Dex+6 SInv}
SInv    +            e - +2 pair of boots
Will    +++..        s - amulet of guardian spirit Stlth
                     n - ring of Icetomot {rN+ rCorr MP+9 Str+5}
HPRegen 0.55/turn    W - ring of the Soothsayer {rC+ Str+2 Int+3 Slay+4}
MPRegen 0.31/turn

%: clarity, guardian spirit, archmagi
@: marked, very slow
A: horns 3, slimy green scales 3, icemail 1, powered by pain 3, condensation
shield, corrupting presence 2, word of chaos, poison resistance, evolution 1
}: 5/15 runes: barnacled, slimy, silver, abyssal, gossamer
a: Word of Chaos, Renounce Religion, Bend Time, Temporal Distortion, Slouch,
Step From Time


You were on level 2 of the Tomb of the Ancients.
You worshipped Cheibriados.
Cheibriados was exalted by your worship.
You visited 12 branches of the dungeon, and saw 53 of its levels.
You visited the Abyss 2 times.
You also visited: Bailey and Ice Cave.

You collected 10513 gold pieces.
You spent 2823 gold pieces at shops.

Inventory:

Hand Weapons
 f - a +1 trishula of holy wrath
 C - a +4 spectral broad axe
 I - the +4 Maxwell's thermic engine {flame, freeze, rev}
   (You took it off a spriggan druid on level 3 of the Depths)
 T - a +9 heavy broad axe (weapon)
Missiles
 Z - 5 throwing nets
Armour
 d - the +0 pair of gloves of Moafoet (worn) {rC+ Dex+6 SInv}
   (You found it on level 3 of the Elven Halls)

   Dex+6:     It affects your dexterity (+6).
   rC+:       It protects you from cold.
   SInv:      It lets you see invisible.
 e - a +2 pair of boots (worn)
 x - the +0 cloak of Atheism (worn) {Slay+3 SInv}
   (You found it in a bailey)

   Slay+3:    It affects your accuracy & damage with ranged weapons and melee
   (+3).
   SInv:      It lets you see invisible.
 E - the +8 orange crystal plate armour (worn) {Archmagi, Int+3 Clar}
   (You found it in a bailey)

   Int+3:     It affects your intelligence (+3).
   Clar:      It protects you from confusion, rage, mesmerisation and fear.
 G - the +2 shield of Resistance (worn) {rF++ rC++ Will++}
   (You acquired it on level 14 of the Dungeon)

   rF++:      It greatly protects you from fire.
   rC++:      It greatly protects you from cold.
   Will++:    It greatly increases your willpower.
Jewellery
 b - the ring of Zuuworagh {rPois rF+ rC+++ Dex-4 Slay+2}
   (You found it on level 3 of the Spider Nest)

   [ring of protection from fire]

   Dex-4:     It affects your dexterity (-4).
   Slay+2:    It affects your accuracy & damage with ranged weapons and melee
   (+2).
   rF+:       It protects you from fire.
   rC+++:     It renders you almost immune to cold.
   rPois:     It protects you from poison
 n - the ring of Icetomot (left hand) {rN+ rCorr MP+9 Str+5}
   (You found it on level 3 of the Lair of Beasts)

   [ring of resist corrosion]

   Str+5:     It affects your strength (+5).
   rN+:       It protects you from negative energy.
   MP+9:      It affects your magic capacity (+9).
   rCorr:     It protects you from acid and corrosion.
 s - an amulet of guardian spirit (around neck)
 u - the ring of Parrerih {Fly rF+ AC+4 Dex-5}
   (You bought it in a shop on level 2 of the Orcish Mines)

   [ring of protection]

   AC+4:      It affects your AC (+4).
   Dex-5:     It affects your dexterity (-5).
   rF+:       It protects you from fire.
   Fly:       It grants you flight.
 U - the ring "Voewk" {Fire Will+ Slay+2}
   (You found it on level 13 of the Dungeon)

   [ring of fire]

   Fire:      It enhances your fire magic.
   Slay+2:    It affects your accuracy & damage with ranged weapons and melee
   (+2).
   rF+:       It protects you from fire.
   rC-:       It makes you vulnerable to cold.
   Will+:     It increases your willpower.
 W - the ring of the Soothsayer (right hand) {rC+ Str+2 Int+3 Slay+4}
   (You acquired it on level 14 of the Dungeon)

   [ring of slaying]

   Str+2:     It affects your strength (+2).
   Int+3:     It affects your intelligence (+3).
   Slay+4:    It affects your accuracy & damage with ranged weapons and melee
   (+4).
   rC+:       It protects you from cold.
Wands
 h - a wand of digging (13)
 p - a wand of mindburst (11)
 J - a wand of roots (53)
Scrolls
 a - 11 scrolls of vulnerability
 c - 26 scrolls of teleportation
 i - 9 scrolls of enchant armour
 j - 4 scrolls of silence
 t - 8 scrolls of poison
 v - 2 scrolls of fog
 w - 9 scrolls of blinking
 y - 6 scrolls of torment
 A - a scroll of brand weapon
 D - 8 scrolls of revelation
 F - 11 scrolls of amnesia
 L - 7 scrolls of immolation
 M - 8 scrolls of fear
 R - 5 scrolls of summoning
Potions
 g - a potion of might
 k - 7 potions of attraction
 l - 8 potions of enlightenment
 m - a potion of magic
 o - 2 potions of mutation
 q - 7 potions of brilliance
 z - 20 potions of curing
 H - 5 potions of heal wounds
 K - 6 potions of resistance
 O - 7 potions of invisibility
 X - 5 potions of cancellation
 Y - 2 potions of ambrosia


   Skills:
 O Level 27 Fighting
 - Level 18.0 Axes
 - Level 2.1 Throwing
 - Level 9.0 Armour
 - Level 3.0 Dodging
 - Level 15.1 Shields
 - Level 10.1 Spellcasting
 + Level 25.3 Necromancy
 O Level 27 Invocations


You had 14 spell levels left.
You knew the following spells:

 Your Spells              Type           Power      Damage    Failure   Level
a - Cigotuvi's Dreadful   Necr/Pois/Air  100%       N/A       1%          2
b - Dispel Undead         Necr           100%       3d31      0%          4
c - Animate Dead          Necr           100%       N/A       0%          4
d - Agony                 Necr           100%       N/A       1%          5
e - Infestation           Necr           70%        N/A       6%          8
f - Borgnjor's Revivific  Necr           70%        N/A       6%          8

Your spell library contained the following spells:

 Spells                   Type           Power      Damage    Failure   Level
 Necrotise                Necr           100%       1d9       0%          1
 Sublimation of Blood     Necr           100%       N/A       0%          2
 Vampiric Draining        Necr           100%       2d13      0%          3
 Kiss of Death            Conj/Necr      100%       2d13      1%          1
 Anguish                  Hex/Necr       52%        N/A       1%          4
 Death Channel            Necr           70%        N/A       1%          6
 Borgnjor's Vile Clutch   Necr/Erth      52%        N/A       4%          5
 Simulacrum               Ice/Necr       52%        N/A       26%         6
 Apportation              Tloc           54%        N/A       30%         1
 Foxfire                  Conj/Fire      100%       2x1d9     30%         1
 Freeze                   Ice            100%       1d10      30%         1
 Sandblast                Erth           54%        2d13      30%         1
 Summon Small Mammal      Summ           100%       N/A       30%         1
 Blink                    Tloc           54%        N/A       43%         2
 Call Imp                 Summ           54%        N/A       43%         2
 Ensorcelled Hibernation  Hex/Ice        54%        N/A       43%         2
 Jinxbite                 Hex            54%        N/A       43%         2
 Lesser Beckoning         Tloc           54%        N/A       43%         2
 Passwall                 Tmut/Erth      22%        N/A       43%         2
 Poisonous Vapours        Pois/Air       54%        N/A       43%         2
 Scorch                   Fire           54%        2d7       43%         2
 Confusing Touch          Hex            27%        N/A       67%         3
 Frozen Ramparts          Ice            54%        1d9       67%         3
 Gell's Gravitas          Tloc           27%        N/A       67%         3
 Hailstorm                Conj/Ice       27%        3d7       67%         3
 Ignite Poison            Fire/Tmut/Pois 27%        N/A       67%         3
 Inner Flame              Hex/Fire       27%        N/A       67%         3
 Mephitic Cloud           Conj/Pois/Air  27%        N/A       67%         3
 Ozocubu's Armour         Ice            27%        N/A       67%         3
 Stone Arrow              Conj/Erth      54%        3d10      67%         3
 Summon Guardian Golem    Hex/Summ       27%        N/A       67%         3
 Swiftness                Air            27%        N/A       67%         3
 Teleport Other           Tloc           27%        N/A       67%         3
 Tukima's Dance           Hex            27%        N/A       67%         3
 Haunt                    Necr/Summ      52%        N/A       82%         7
 Brom's Barrelling Bould  Conj/Erth      27%        2d5       97%         4
 Cause Fear               Hex            13%        N/A       97%         4
 Flame Wave               Conj/Fire      27%        2d9       97%         4
 Manifold Assault         Tloc           27%        N/A       97%         4
 Olgreb's Toxic Radiance  Pois           27%        N/A       97%         4
 Passage of Golubria      Tloc           27%        N/A       97%         4
 Sticky Flame             Conj/Fire      27%        2d5       97%         4
 Alistair's Intoxication  Tmut/Pois      18%        N/A       100%        5
 Arcjolt                  Conj/Air       13%        1d23      100%        5
 Fireball                 Conj/Fire      13%        3d7       100%        5
 Freezing Cloud           Conj/Ice/Air   13%        6-21      100%        5
 Iskenderun's Battlesphe  Conj           27%        2d8       100%        5
 Metabolic Englaciation   Hex/Ice        13%        N/A       100%        5
 Silence                  Hex/Air        13%        N/A       100%        5
 Summon Mana Viper        Hex/Summ       27%        N/A       100%        5
 Yara's Violent Unravell  Hex/Tmut       13%        3d7       100%        5
 Bombard                  Conj/Erth      13%        9d3       100%        6
 Conjure Ball Lightning   Conj/Air       13%        3x3d6     100%        6
 Dispersal                Tloc           13%        N/A       100%        6
 Eringya's Noxious Bog    Tmut/Pois      13%        4d6       100%        6
 Plasma Beam              Fire/Air       13%        2x1d24    100%        6
 Starburst                Conj/Fire      13%        6d6       100%        6
 Summon Cactus Giant      Summ           13%        N/A       100%        6
 Enfeeble                 Hex            13%        N/A       100%        7
 Malign Gateway           Summ/Tloc      13%        N/A       100%        7
 Orb of Destruction       Conj           13%        9d7       100%        7
 Ozocubu's Refrigeration  Ice            13%        4d10      100%        7
 Spellforged Servitor     Conj/Summ      13%        N/A       100%        7
 Discord                  Hex            13%        N/A       100%        8
 Ignition                 Fire           13%        3d6       100%        8
 Summon Horrible Things   Summ           13%        N/A       100%        8
 Polar Vortex             Ice            13%        12d1*     100%        9


Dungeon Overview and Level Annotations

Branches:
Dungeon (15/15)            Temple (1/1) D:6            Lair (5/5) D:9
 Shoals (4/4) Lair:3       Spider (4/4) Lair:2        Slime (5/5) Lair:4
    Orc (2/2) D:10            Elf (3/3) Orc:2        Vaults (5/5) D:14
  Crypt (3/3) Vaults:3       Tomb (2/3) Crypt:3      Depths (4/4) D:15
    Zot (0/5) Depths:4     Bailey (visited)           IceCv (visited)

Altars:
Ashenzari
Cheibriados
Dithmenos
Fedhas
Gozag
Hepliaklqana
Kikubaaqudgha
Makhleb
Nemelex Xobeh
Okawaru
Qazlal
Ru
Sif Muna
Trog
Uskayaw
Vehumet
Wu Jian
Xom
Yredelemnul
Jiyva

Shops:
Orc:1 !   Orc:2 ![=(   Elf:1 ?   Elf:3 *   Shoals:3 *   Vaults:2 :
Depths:3 (*!

Portals:
Hell: Depths:1 Depths:2 Depths:3 Depths:4
Abyss: Depths:3 Depths:4
Pandemonium: Depths:2 Depths:3
Ziggurat: Depths:4

Annotations:
Spider:1 2 transporters
Vaults:3 2 runed translucent doors, promet's ghost, adept GnWn
Depths:4 1 runed translucent door


Innate Abilities, Weirdness & Mutations

You have a pair of large horns on your head.
You are completely covered in slimy green scales. (AC +4, rPois)
A meltable icy envelope protects you from harm. (AC +0)
You are powered by pain.
A meltable shield of frost defends you. (SH +0)
Your presence sometimes corrodes or deforms those you injure.
You can speak a Word of Chaos.
Your system is resistant to poisons. (rPois)
You have hidden genetic potential.


Message History

The sixfirhy disappears in a puff of smoke!
The nagaraja zombie disappears in a puff of smoke!
The merfolk impaler simulacrum disappears in a puff of smoke!
You feel extremely nervous for a moment...
Your body is wracked with pain!
* * * LOW HITPOINT WARNING * * *
You feel extremely nervous for a moment...
Pain shoots through your body!
* * * LOW HITPOINT WARNING * * *
The ancient champion hits you but does no damage.
Unknown command.
You feel much better.
You block the ancient champion's attack.
The royal mummy hits you but does no damage.
You block the ancient champion's attack.
The mummy priest mumbles some strange prayers to its god.
Unknown command.
Unknown command.
Unknown command.
You cut the royal mummy into ribbons!!!
Your corrupting presence corrodes the royal mummy!
You headbutt the royal mummy.
The royal mummy is moderately damaged.
You hit the ancient champion.
Your corrupting presence corrodes the ancient champion!
You barely miss the mummy. You block the royal mummy's attack.
The ancient champion hits you with a +3 battleaxe!
* * * LOW HITPOINT WARNING * * *
A guardian mummy comes into view.
The royal mummy mumbles some strange words.
You block the mummy's attack.
Unknown command.
Unknown command.
You open the royal mummy like a pillowcase!!!
You headbutt the royal mummy.
The royal mummy is severely damaged.
You closely miss the mummy. You barely miss the ancient champion.
The ancient champion gestures at you while chanting.
The iron shot hits you!!!
You die...

..........
.......... ......^.#
.....###......#
...#...#.§§..# .
.#.....#sM.s #.
#.......#.s#
#..#..V...W#MM#
#§^....ZB.#@#
##....zs.B.##zVM..#
#.....sM....#MM...#
##..s.MB...##..3^.#
#......?..# #....#
#..#.......#..#...$#
#. #.....M.# .#....#
. .#...M.#. .#...#
...#...#...


You could see a royal mummy (corroded), 3 emperor scorpions, an ancient champion
(fast, corroded), a mummy priest, a jiangshi (summoned), a sun demon (summoned),
a guardian mummy and 3 mummies.

Vanquished Creatures
  Dissolution (Slime:4)
  the Royal Jelly (Slime:5)
  5 dread liches
  Mennas (Crypt:3)
  A juggernaut (Depths:4)
  5 royal mummies
  Bai Suzhen (Crypt:3)
  Margery (Crypt:3)
  5 caustic shrikes (Depths:3)
  Xtahua (Vaults:4)
  Saint Roka (Vaults:5)
  Nikola (Spider:1)
  3 bone dragons
  Jory (Crypt:1)
  A profane servitor (Crypt:3)
  A golden dragon (Depths:4)
  the Enchantress (Depths:3)
  3 doom hounds (Depths:4)
  Jorgrun (D:12)
  5 tentacled monstrosities
  Rupert (Lair:3)
  Grunn (Depths:4)
  Zenata (Vaults:3)
  5 deep elf blademasters
  6 liches
  A walking earthen tome (Depths:4)
  2 deep elf master archers (Elf:3)
  Asterion (Vaults:2)
  6 krakens
  2 titans
  12 acid blobs
  5 ancient champions
  A thorn hunter (Depths:3)
  10 sphinxes
  Donald (Elf:1)
  Agnes (Elf:1)
  2 storm dragons
  7 tengu reavers
  2 tentacled starspawn (Abyss:3)
  4 revenants
  9 rockslimes
  12 azure jellies
  A shadow dragon (Vaults:5)
  A draconian knight (Depths:4)
  6 fire giants
  3 deep elf sorcerers (Elf:3)
  3 emperor scorpions (Spider:4)
  19 vault wardens
  8 frost giants
  7 deep elf elementalists (Elf:3)
  4 ghost moths
  A caustic shrike zombie (Abyss:3)
  2 balrugs (Depths:3)
  An iron dragon (Vaults:5)
  2 orc warlords
  4 ghouls
  16 ironbound preservers
  A juggernaut zombie (Depths:1)
  4 spriggan defenders (Depths:3)
  2 curse skulls (Crypt:2)
  3 war gargoyles
  4 ironbound thunderhulks
  7 quicksilver oozes
  11 vampire knights
  A draconian annihilator (Depths:4)
  3 formless jellyfish
  14 stone giants
  An eleionoma (Depths:3)
  36 very ugly things
  3 broodmothers
  7 deep elf demonologists
  A formless jellyfish (shapeshifter) (Vaults:5)
  2 green draconians (Depths:4)
  Azrael (Spider:1)
  10 dire elephants
  Nessos (Lair:4)
  16 deep elf annihilators
  A red draconian (Depths:4)
  A white draconian (Depths:4)
  A black draconian (Depths:4)
  5 spark wasps
  A yellow draconian (Depths:4)
  6 deep elf death magi
  9 merfolk impalers
  5 merfolk javelineers
  An eidolon (Crypt:2)
  11 ettins
  8 fire dragons
  18 mummy priests
  4 crystal guardians
  16 yaktaur captains
  9 entropy weavers
  33 jiangshi
  11 deep elf high priests
  38 vault guards
  11 rakshasas
  A great orb of eyes (shapeshifter) (Abyss:3)
  10 great orbs of eyes
  4 ogre magi
  A fenstrider witch zombie (Crypt:1)
  2 peacekeepers
  18 centaur warriors
  8 ironbound frosthearts
  A quicksilver dragon skeleton (Crypt:1)
  A radroach (Spider:3)
  3 spriggan zombies
  4 death knights
  4 jorogumos
  4 hydras
  5 spriggan air magi
  3 ice dragons
  A catoblepas (Lair:5)
  4 merfolk avatars
  A caustic shrike simulacrum (Crypt:3)
  6 spriggan skeletons
  An alligator snapping turtle (Shoals:3)
  38 dancing weapons
  33 death scarabs
  A satyr (Shoals:2)
  15 death yaks
  12 two-headed ogres
  A death yak (shapeshifter) (Abyss:3)
  An anaconda (Depths:3)
  Erica (D:10)
  9 merfolk aquamancers
  5 deep troll earth magi
  5 tengu warriors
  6 boulder beetles
  A titan zombie (Crypt:1)
  5 deep troll shamans
  2 orc high priests (Orc:2)
  A hell hog (Depths:4)
  6 spriggan berserkers
  An occultist (Depths:3)
  4 thrashing horrors (Abyss:3)
  8 demonic crawlers
  12 vampire magi
  8 hell knights
  8 sun demons (Depths:4)
  19 deep elf knights
  A storm dragon zombie (Crypt:2)
  A wretched star (Abyss:3)
  2 spriggans
  8 skysharks
  A sun moth (Spider:2)
  36 skeletal warriors
  A spectral anaconda (Crypt:3)
  Sonja (Orc:2)
  13 sea snakes
  A skyshark (shapeshifter) (Depths:4)
  2 shadow wraiths
  6 pharaoh ants
  A spriggan druid (Depths:3)
  A sixfirhy (Abyss:3)
  4 iron trolls
  6 glowing orange brains
  A sea snake (shapeshifter) (D:15)
  51 deep trolls
  A bunyip skeleton (Tomb:2)
  11 arcanists
  2 spectral jorogumos (Spider:4)
  4 orb spiders
  A spectral wolf spider (Spider:4)
  17 harpies
  24 ironbound convokers
  15 flayed ghosts
  A swamp dragon (shapeshifter) (Abyss:3)
  16 phantasmal warriors
  A shadow demon (Depths:2)
  4 large abominations
  5 steelbarb worms
  An iron dragon zombie (Crypt:1)
  6 lindwurms
  12 deep elf archers
  A steelbarb worm (shapeshifter) (Vaults:5)
  25 deep elf zephyrmancers
  10 necromancers
  4 bog bodies
  4 shining eyes
  A mana viper (shapeshifter) (Elf:1)
  A stone giant zombie (Crypt:1)
  25 deep elf pyromancers
  15 orc knights
  52 ugly things
  12 fauns
  A broodmother zombie (Spider:4)
  A shadow dragon skeleton (Crypt:2)
  18 wolf spiders
  A fire giant zombie (Crypt:2)
  2 oklob plants (Lair:3)
  A will-o-the-wisp (Abyss:3)
  A cyclops (shapeshifter) (Abyss:3)
  7 cyclopes
  17 manticores
  3 orc sorcerers
  A draconian zombie (Crypt:1)
  3 moths of wrath
  2 worldbinders (Abyss:2)
  A salamander (shapeshifter) (D:15)
  22 elephants
  A fire giant skeleton (Crypt:2)
  Joseph (D:10)
  13 merfolk sirens
  6 black mambas
  A centaur zombie (Tomb:1)
  A smoke demon (Abyss:3)
  A shock serpent zombie (Crypt:1)
  2 ice statues
  2 eyes of devastation
  5 water nymphs
  13 cane toads
  A stone giant skeleton (Crypt:1)
  A torpor snail (Spider:4)
  23 vault sentinels
  An orange demon (Abyss:2)
  A hellion (Depths:4)
  A naga skeleton (Crypt:1)
  12 rime drakes
  A yaktaur zombie (Vaults:4)
  4 komodo dragons
  25 yaktaurs
  13 freezing wraiths
  Jeremiah (D:6)
  3 tengu conjurers
  3 efreet
  4 spectral redbacks (Spider:4)
  10 unseen horrors
  13 guardian mummies
  2 ancient zymes (Abyss:3)
  A tormentor (Abyss:3)
  A pale draconian skeleton (Crypt:1)
  A black draconian skeleton (Crypt:1)
  53 merfolk
  A queen bee (D:15)
  12 polar bears
  9 meliai
  7 trolls
  3 harpy zombies
  5 spectral tarantellas (Spider:4)
  5 wind drakes
  A wind drake (shapeshifter) (Abyss:3)
  Prince Ribbit (D:6)
  8 saltlings (Orc:2)
  2 tarantella zombies (Spider:4)
  5 hornets
  A dream sheep (shapeshifter) (D:15)
  9 raiju (Abyss:3)
  8 blink frogs
  4 dream sheep (Shoals:1)
  17 tarantellas
  A jumping spider zombie (Spider:4)
  3 spectral jumping spiders (Spider:4)
  A harpy skeleton (Crypt:1)
  4 glass eyes
  26 jumping spiders
  2 hydra skeletons
  62 flying skulls
  12 snapping turtles
  2 shadows (Crypt:3)
  Sigmund (D:6)
  81 slime creatures
  6 small abominations
  13 water elementals
  62 yaks
  An air elemental (Elf:2)
  10 culicivoras
  3 vampires (Vaults:3)
  A naga simulacrum (Crypt:3)
  A yak (shapeshifter) (Abyss:3)
  2 elf zombies (Vaults:2)
  3 wyverns (Abyss:2)
  An ettin skeleton (Crypt:1)
  4 ushabtiu (Tomb:1)
  6 wraiths
  5 fire elementals
  A slime creature zombie (Crypt:1)
  4 basilisks
  17 vampire mosquitoes
  5 fire bats
  2 golden eyes (shapeshifter)
  4 golden eyes (Slime:3)
  A chaos spawn (Abyss:3)
  A human zombie (Vaults:4)
  64 redbacks
  A spatial vortex (Abyss:2)
  A warg (Orc:2)
  A steam dragon (D:10)
  3 neqoxecs
  An elf skeleton (Vaults:4)
  An acid dragon (D:10)
  A merfolk skeleton (Crypt:1)
  2 human skeletons
  14 water moccasins
  2 hell hounds (Spider:1)
  23 orc warriors
  2 black bears
  An ogre (shapeshifter) (Elf:2)
  A snapping turtle zombie (Crypt:2)
  9 ice beasts
  10 ogres
  An ettin simulacrum (Vaults:2)
  3 centaurs
  48 wolves
  5 boggarts (Vaults:2)
  An elephant skeleton (Crypt:1)
  A kobold brigand (D:8)
  Blork the orc (D:4)
  12 bullfrogs
  6 necrophages
  A rime drake skeleton (Crypt:2)
  A gnoll sergeant (D:10)
  3 earth elementals
  A cyclops skeleton (Crypt:2)
  20 wights
  A raiju zombie (Crypt:2)
  21 killer bees
  6 howler monkeys
  A vampire bat (Abyss:2)
  6 electric eels
  3 crimson imps (D:8)
  5 hounds
  A quasit (Abyss:2)
  6 jellies (Lair:4)
  19 orc priests
  19 starcursed masses
  Jessica (D:2)
  An iguana (D:6)
  25 orc wizards
  27 mummies
  A steam dragon zombie (Crypt:2)
  7 gnolls
  3 adders
  A steam dragon skeleton (Crypt:1)
  A shadow imp (D:7)
  A swamp drake skeleton (Crypt:2)
  5 white imps
  2 ufetubi (Abyss:2)
  A worm (D:3)
  2 dart slugs
  102 orcs
  2 ball pythons (D:1)
  8 endoplasms
  5 giant cockroaches
  5 goblins
  2 hobgoblins (D:4)
  7 jackals
  3 quokkas
  A quokka (shapeshifter) (Vaults:5)
  A ball python skeleton (Crypt:2)
  7 bats
  A frilled lizard (D:1)
  15 kobolds
  An orc skeleton (Crypt:2)
  8 rats
  2 lurking horrors (Abyss:3)
  A spectral weapon (Vaults:2)
  2 starspawn tentacles (Abyss:3)
  19 tentacles
2566 creatures vanquished.

Vanquished Creatures (collateral kills)
  A golden dragon (Vaults:5)
  3 vault wardens (Vaults:5)
  2 yaktaur captains (Vaults:5)
  A deep elf death mage (Vaults:5)
  7 vault guards
  A deep troll earth mage (Vaults:5)
  A deep elf archer (Vaults:5)
  3 ironbound convokers (Vaults:5)
  A phantasmal warrior (Vaults:5)
  A deep elf zephyrmancer (Vaults:5)
  A vault sentinel (Vaults:5)
  A troll (Vaults:5)
  6 orc warriors
  2 orc priests (D:10)
  5 orcs
36 creatures vanquished.

Vanquished Creatures (others)
  A very ugly thing zombie (Vaults:5)
  A sphinx zombie (Vaults:5)
  A titan zombie (Vaults:5)
  A storm dragon zombie (Vaults:5)
  A deep elf knight (Elf:2)
  2 ironbound convokers (Vaults:5)
  3 tengu zombies (Vaults:5)
  A phantasmal warrior (Crypt:3)
  A shadow dragon zombie (Vaults:5)
  7 elf zombies (Vaults:5)
  A yaktaur zombie (Vaults:5)
  A steelbarb worm zombie (Vaults:5)
  39 human zombies (Vaults:5)
  A merfolk (Shoals:3)
  A deep troll zombie (Vaults:5)
  2 ettin zombies (Vaults:5)
  A redback (Spider:1)
  An ogre zombie (Vaults:5)
  A centaur (D:8)
  6 orc zombies (Vaults:5)
  6 starspawn tentacles (Abyss:3)
  20 tentacles
99 creatures vanquished.

Grand Total: 2701 creatures vanquished

Notes
Turn   | Place    | Note
-------+----------+-------------------------------------------
     0 | D:1      | grandjackal the Demonspawn Gladiator began the quest for
                  | the Orb.
     0 | D:1      | Reached XP level 1. HP: 16/16 MP: 1/1
   114 | D:1      | Found a faded altar of an unknown god.
   150 | D:1      | Gained mutation: You are partially covered in slimy green
                  | scales. (AC +2) [demonic ancestry]
   150 | D:1      | Reached XP level 2. HP: 22/22 MP: 2/2
   889 | D:2      | Gained mutation: You have a pair of small horns on your
                  | head. [demonic ancestry]
   889 | D:2      | Reached XP level 3. HP: 28/28 MP: 3/3
  1021 | D:2      | Noticed Jessica
  1032 | D:2      | Killed Jessica
  1033 | D:2      | Reached skill level 1 in Armour
  1078 | D:2      | Gained mutation: You sometimes gain a little power by
                  | taking damage. [demonic ancestry]
  1078 | D:2      | Reached XP level 4. HP: 26/34 MP: 4/4
  2013 | D:3      | Gained mutation: You are mostly covered in slimy green
                  | scales. (AC +3) [demonic ancestry]
  2013 | D:3      | Reached XP level 5. HP: 37/41 MP: 5/5
  2097 | D:3      | Found a sacrificial altar of Ru.
  2444 | D:4      | Noticed Blork the orc
  2461 | D:4      | Killed Blork the orc
  2698 | D:4      | Noticed a two-headed ogre
  2722 | D:5      | Entered Level 5 of the Dungeon
  2809 | D:5      | Noticed a centaur
  2820 | D:5      | Killed a centaur
  2821 | D:5      | Gained mutation: You have a pair of horns on your head.
                  | [demonic ancestry]
  2821 | D:5      | Reached XP level 6. HP: 32/48 MP: 6/6
  3668 | D:5      | Found a shimmering blue altar of Sif Muna.
  3711 | D:5      | Found a shimmering altar of Xom.
  3852 | D:5      | Reached XP level 7. HP: 19/55 MP: 7/7
  4159 | D:5      | Reached skill level 5 in Fighting
  4161 | D:5      | Reached skill level 5 in Axes
  4743 | D:6      | Noticed Sigmund
  4753 | D:6      | Reached XP level 8. HP: 23/64 MP: 8/8
  4760 | D:6      | Killed Sigmund
  5020 | D:6      | Found an ornate altar of the Wu Jian Council.
  5070 | D:6      | Noticed Prince Ribbit
  5070 | D:6      | Noticed Jeremiah
  5088 | D:6      | Killed Jeremiah
  5089 | D:6      | Reached skill level 5 in Armour
  5092 | D:6      | Killed Prince Ribbit
  5348 | D:6      | Found a staircase to the Ecumenical Temple.
  5389 | Temple   | Entered the Ecumenical Temple
  5419 | Temple   | Became a worshipper of Cheibriados the Contemplative
  5711 | D:7      | Found a basalt altar of Yredelemnul.
  5814 | D:7      | Reached skill level 1 in Invocations
  5851 | D:7      | Reached XP level 9. HP: 70/72 MP: 8/10
  5946 | D:7      | Reached * piety under Cheibriados
  6151 | D:7      | Got Kuath's Textbook on Cooperative Pollution
  7000 | D:8      | Found a flagged portal.
  7000 | D:8      | Noticed a troll
  7009 | D:8      | Killed a troll
  7014 | D:8      | Identified the +5 spear "Miniy" {venom, *Noise rElec Str+3}
  7023 | Bailey   | Entered a bailey
  7060 | Bailey   | Reached skill level 5 in Invocations
  7071 | Bailey   | Reached ** piety under Cheibriados
  7424 | Bailey   | Noticed an orc knight
  7495 | Bailey   | Noticed an orc knight
  7523 | Bailey   | Killed an orc knight
  7524 | Bailey   | Reached XP level 10. HP: 23/80 MP: 5/14
  7587 | Bailey   | Killed an orc knight
  7761 | Bailey   | Found the +8 orange crystal plate armour {Archmagi, Int+3
                  | Clar}
  7763 | Bailey   | Identified the +0 cloak of Atheism {Slay+3 SInv}
  7956 | D:8      | Reached *** piety under Cheibriados
  8621 | D:9      | Found a radiant altar of Vehumet.
  8641 | D:9      | Found a staircase to the Lair.
  8699 | D:9      | Found a shadowy altar of Dithmenos.
  8700 | D:9      | Found a hazy altar of Hepliaklqana.
  8876 | D:9      | Identified the +10 short sword "Tonaeqez" {drain, rElec
                  | rC+}
  8879 | D:9      | Found a stormy altar of Qazlal.
  8879 | D:9      | Found an ancient bone altar of Kikubaaqudgha.
  9329 | D:10     | Entered Level 10 of the Dungeon
  9342 | D:10     | Reached **** piety under Cheibriados
  9364 | D:10     | Noticed Joseph
  9382 | D:10     | Killed Joseph
  9383 | D:10     | Gained mutation: You sometimes gain power by taking damage.
                  | [demonic ancestry]
  9383 | D:10     | Reached XP level 11. HP: 64/89 MP: 13/17
  9687 | D:10     | Found a staircase to the Orcish Mines.
  9970 | D:10     | Reached ***** piety under Cheibriados
 10136 | D:10     | Noticed Erica
 10140 | D:10     | Killed Erica
 10187 | D:10     | Reached skill level 10 in Fighting
 10383 | D:11     | Learned a level 2 spell: Cigotuvi's Dreadful Rot
 10600 | D:11     | Noticed a two-headed ogre
 10604 | D:11     | Killed a two-headed ogre
 10613 | D:11     | Learned a level 4 spell: Dispel Undead
 10745 | D:11     | Noticed a two-headed ogre
 10751 | D:11     | Killed a two-headed ogre
 10752 | D:11     | Reached skill level 1 in Necromancy
 10930 | D:11     | Noticed a two-headed ogre
 10936 | D:11     | Killed a two-headed ogre
 11127 | D:12     | Noticed Jorgrun
 11142 | D:12     | Killed Jorgrun
 11143 | D:12     | Reached skill level 10 in Invocations
 11343 | D:12     | Noticed a red ugly thing
 11351 | D:12     | Killed a red ugly thing
 11353 | D:12     | Noticed a boulder beetle
 11369 | D:12     | Killed a boulder beetle
 11370 | D:12     | Reached skill level 10 in Axes
 11370 | D:12     | Gained mutation: A meltable shield of frost defends you.
                  | (SH +0) [demonic ancestry]
 11370 | D:12     | Reached XP level 12. HP: 96/99 MP: 17/19
 11671 | D:12     | Noticed a boulder beetle
 11697 | D:12     | Killed a boulder beetle
 12054 | D:12     | Reached skill level 5 in Necromancy
 12166 | D:12     | Noticed a two-headed ogre
 12172 | D:12     | Killed a two-headed ogre
 12453 | D:13     | Noticed a boulder beetle
 12479 | D:13     | Killed a boulder beetle
 12625 | D:13     | Noticed a boulder beetle
 12654 | D:13     | Killed a boulder beetle
 12662 | D:13     | Reached ****** piety under Cheibriados
 12668 | D:13     | Identified the ring "Voewk" {Fire Will+ Slay+2}
 13004 | D:14     | You fall into a shaft and drop 1 floor!
 13004 | D:15     | Entered Level 15 of the Dungeon
 13029 | D:14     | Noticed a five-headed hydra
 13036 | D:14     | Killed a five-headed hydra
 13113 | D:14     | Gained mutation: Your presence sometimes corrodes those you
                  | injure. [demonic ancestry]
 13113 | D:14     | Reached XP level 13. HP: 97/107 MP: 20/22
 13617 | D:14     | Found a gate to the Vaults.
 14027 | D:14     | Identified 2 scrolls of acquirement
 14028 | D:14     | Acquired the ring of the Soothsayer {rC+ Str+2 Int+3
                  | Slay+4}
 14032 | D:14     | Acquired the +2 shield of Resistance {rF++ rC++ Will++}
 14032 | D:14     | Found the +2 shield of Resistance {rF++ rC++ Will++}
 14114 | D:15     | Reached skill level 1 in Shields
 14325 | D:15     | Acquired a manual of Invocations
 14495 | D:15     | Found a staircase to the Depths.
 15109 | D:15     | Gained mutation: You have a pair of large horns on your
                  | head. [demonic ancestry]
 15109 | D:15     | Reached XP level 14. HP: 68/116 MP: 15/24
 15283 | D:15     | Reached skill level 5 in Shields
 15818 | D:15     | Reached skill level 15 in Invocations
 16097 | Lair:1   | Entered Level 1 of the Lair of Beasts
 16176 | Lair:1   | Learned a level 4 spell: Animate Dead
 16240 | Lair:1   | Identified the +2 robe of Dogmatism {rElec Archmagi}
 17041 | Lair:2   | Found a hole to the Spider Nest.
 17926 | Lair:3   | Found a stormy altar of Qazlal.
 18039 | Lair:3   | Identified the ring of Icetomot {rN+ rCorr MP+9 Str+5}
 18135 | Lair:3   | Found a staircase to the Shoals.
 18313 | Lair:3   | Found a blossoming altar of Fedhas.
 18598 | Lair:3   | Noticed Rupert
 18605 | Lair:3   | Gained mutation: You are completely covered in slimy green
                  | scales. (AC +4, rPois) [demonic ancestry]
 18605 | Lair:3   | Reached XP level 15. HP: 124/125 MP: 20/27
 18606 | Lair:3   | Killed Rupert
 19133 | Lair:4   | Noticed Nessos
 19135 | Lair:4   | Killed Nessos
 19205 | Lair:4   | Identified the +1 pair of boots of Fedhas's Hope {-Cast
                  | rElec Will+ Str+3}
 19528 | Lair:4   | Found a viscous altar of Jiyva.
 19545 | Lair:4   | Found a staircase to the Slime Pits.
 19948 | Lair:5   | Entered Level 5 of the Lair of Beasts
 19960 | Lair:5   | Found a frozen archway.
 19972 | IceCv    | Entered an ice cave
 20306 | IceCv    | Noticed a frost giant
 20316 | IceCv    | Killed a frost giant
 20547 | Lair:5   | Reached skill level 10 in Shields
 20892 | Lair:5   | Found a hide-covered altar of Uskayaw.
 21574 | Lair:5   | Reached XP level 16. HP: 134/134 MP: 29/29
 21594 | Lair:5   | Identified the +0 rapier "Lesie" {freeze, rC+}
 21595 | Lair:5   | Identified the staff "Demonspawn's Curse" {rF+ Int+4 Fire}
 21785 | Orc:1    | Entered Level 1 of the Orcish Mines
 21830 | Orc:1    | Found Aseypt's Distillery.
 21836 | Orc:1    | Bought a potion of heal wounds for 70 gold pieces
 21836 | Orc:1    | Bought a potion of heal wounds for 70 gold pieces
 21836 | Orc:1    | Bought a potion of curing for 42 gold pieces
 21836 | Orc:1    | Bought a potion of curing for 42 gold pieces
 21836 | Orc:1    | Bought a potion of invisibility for 112 gold pieces
 21883 | Orc:1    | You fall into a shaft and drop 1 floor!
 21883 | Orc:2    | Entered Level 2 of the Orcish Mines
 22028 | Orc:2    | Noticed Sonja
 22033 | Orc:2    | Killed Sonja
 22053 | Orc:2    | Found Xunaces's Jewellery Shoppe.
 22063 | Orc:2    | Found Qedyful's Armour Shoppe.
 22089 | Orc:2    | Bought the ring of Parrerih {Fly rF+ AC+4 Dex-5} for 624
                  | gold pieces
 22104 | Orc:2    | Found Rusmegock's Distillery.
 22110 | Orc:2    | Bought a potion of heal wounds for 75 gold pieces
 22110 | Orc:2    | Bought a potion of curing for 45 gold pieces
 22110 | Orc:2    | Bought a potion of curing for 45 gold pieces
 22110 | Orc:2    | Bought 2 potions of curing for 90 gold pieces
 22110 | Orc:2    | Bought a potion of heal wounds for 75 gold pieces
 22139 | Orc:2    | Found Ofytotud's Antique Weapon Shoppe.
 22240 | Orc:2    | Found a burning altar of Makhleb.
 22445 | Orc:2    | Found a staircase to the Elven Halls.
 22950 | Abyss:2  | Cast into level 2 of the Abyss (orc warlord)
 22989 | Abyss:2  | Reached skill level 15 in Fighting
 23272 | Abyss:2  | Found a corrupted altar of Lugonu.
 23327 | Abyss:3  | Noticed a tentacled starspawn
 23338 | Abyss:3  | Killed a tentacled starspawn
 23369 | Abyss:3  | Noticed a tentacled starspawn
 23381 | Abyss:3  | Killed a tentacled starspawn
 23413 | Orc:1    | Escaped the Abyss
 23737 | Elf:1    | Entered Level 1 of the Elven Halls
 24340 | Elf:1    | Found an ancient bone altar of Kikubaaqudgha.
 24455 | Elf:1    | Found Enoafi Zipn's Magic Scroll Boutique.
 24464 | Elf:1    | Bought a scroll of teleportation for 36 gold pieces
 24464 | Elf:1    | Bought a scroll of amnesia for 48 gold pieces
 24464 | Elf:1    | Bought a scroll of vulnerability for 48 gold pieces
 24464 | Elf:1    | Bought a scroll of immolation for 48 gold pieces
 24544 | Elf:1    | Noticed Agnes
 24548 | Elf:1    | Killed Agnes
 25122 | Elf:1    | Noticed Donald
 25128 | Elf:1    | Killed Donald
 25165 | Elf:1    | Reached XP level 17. HP: 142/142 MP: 31/31
 25288 | Elf:2    | Paralysed by an air elemental for 1 turns
 25830 | Elf:2    | Found a runed translucent gate.
 25831 | Elf:2    | Found a runed translucent gate.
 25831 | Elf:2    | Found a runed translucent gate.
 26800 | Elf:2    | Noticed a deep elf blademaster
 26812 | Elf:2    | Killed a deep elf blademaster
 27058 | Elf:3    | Entered Level 3 of the Elven Halls
 27322 | Elf:3    | Got Onusch's Tractate on Charms
 27356 | Elf:3    | Found Hozobb's General Store.
 27360 | Elf:3    | Bought a scroll of blinking for 135 gold pieces
 27418 | Elf:3    | Reached skill level 15 in Axes
 27456 | Elf:3    | a deep elf annihilator changed into a sphinx
 27456 | Elf:3    | Noticed a sphinx
 27472 | Elf:2    | Killed a sphinx
 27818 | Elf:3    | Identified the ring of the Dropbear {AC+4 Dex+5}
 27845 | Elf:3    | Noticed a deep elf blademaster
 27848 | Elf:3    | Killed a deep elf blademaster
 27849 | Elf:3    | Noticed a deep elf master archer
 27850 | Elf:3    | Reached XP level 18. HP: 98/153 MP: 11/32
 28455 | Elf:3    | Noticed a Tzitzimitl
 28642 | Elf:3    | Identified the +5 trident of Disarray {flame, Int+2}
 28642 | Elf:3    | Identified the +0 acid dragon scales of Waehyomn {rCorr
                  | Int+3}
 28643 | Elf:3    | Identified the +5 glaive "Orb Guardian's Death" {flame,
                  | *Noise rPois rN+ MP+9}
 28985 | Elf:3    | Identified the ring "Jugibb" {Str+6 Int-5 Dex+3}
 29000 | Elf:3    | Reached skill level 15 in Shields
 29723 | Elf:3    | Identified the ring of Tibliloz {Str+3 SInv}
 29731 | Elf:3    | Identified the -2 pair of boots of Jehops {Rampage Str+3}
 29748 | Elf:3    | Identified the +0 pair of gloves of Moafoet {rC+ Dex+6
                  | SInv}
 29771 | Elf:3    | Got the Elucidation of the Blasted Arsonist
 29784 | Elf:3    | Learned a level 5 spell: Agony
 29789 | Elf:3    | Identified the +6 arbalest "Pyilit" {speed, +Blink Str+3}
 30124 | Spider:1 | Entered Level 1 of the Spider Nest
 30385 | Spider:1 | Found a transporter.
 30387 | Spider:1 | Found a transporter.
 30793 | Spider:1 | Noticed Nikola
 30810 | Spider:1 | Killed Nikola
 30828 | Spider:1 | Noticed Azrael
 30838 | Spider:1 | Killed Azrael
 32816 | Spider:3 | Reached XP level 19. HP: 161/161 MP: 34/34
 32866 | Spider:3 | Identified the ring of Zuuworagh {rPois rF+ rC+++ Dex-4
                  | Slay+2}
 33618 | Spider:4 | Entered Level 4 of the Spider Nest
 34230 | Spider:4 | Reached skill level 10 in Necromancy
 34779 | Spider:4 | Identified the +1 hat of the Akabeko {rC+ rN+ Dex+7}
 34781 | Spider:4 | Got a gossamer rune of Zot
 34965 | Shoals:1 | Entered Level 1 of the Shoals
 35272 | Shoals:1 | Identified the +2 robe of Zin, Scorching {rC- Dex+2 SInv
                  | Stlth+}
 36407 | Shoals:1 | Identified the amulet "Neycvappi" {RegenMP Fragile rPois
                  | Will+ SInv}
 36411 | Shoals:1 | Identified the +9 scimitar "Jutter" {protect, Int+3}
 37142 | Shoals:2 | Gained mutation: Your presence sometimes corrodes or
                  | deforms those you injure. [demonic ancestry]
 37142 | Shoals:2 | Reached XP level 20. HP: 172/172 MP: 35/35
 37919 | Shoals:3 | Identified the +6 chain mail of the Big Bang {rPois}
 37921 | Shoals:3 | Paralysed by a formless jellyfish for 1 turns
 38072 | Shoals:3 | Found Muzxiliu's Overcharged Wands.
 38285 | Shoals:4 | Entered Level 4 of the Shoals
 38908 | Shoals:4 | Identified the staff of Youthful Indiscretion {*Corrode
                  | rElec rF++ Will+ Int+2 Air}
 38994 | Shoals:4 | Got a barnacled rune of Zot
 39911 | Vaults:1 | Entered Level 1 of the Vaults
 41710 | Vaults:2 | Gained mutation: You can speak a Word of Chaos. [demonic
                  | ancestry]
 41710 | Vaults:2 | Reached XP level 21. HP: 180/180 MP: 37/37
 41819 | Vaults:2 | Noticed Asterion
 41824 | Vaults:2 | Killed Asterion
 41949 | Vaults:2 | Noticed a dread lich
 41953 | Vaults:2 | Killed a dread lich
 42191 | Vaults:2 | Reached skill level 1 in Spellcasting
 42513 | Vaults:2 | Found Curenea's Book Shoppe.
 42976 | Vaults:3 | You fall into a shaft and drop 1 floor!
 43030 | Vaults:4 | Noticed Xtahua
 43036 | Vaults:4 | Killed Xtahua
 43672 | Vaults:3 | Noticed Zenata
 43680 | Vaults:3 | Killed Zenata
 43938 | Vaults:3 | Found a large runed translucent door.
 43940 | Vaults:3 | Found a large runed translucent door.
 43944 | Vaults:3 | Noticed promet's ghost (adept GnWn)
 44213 | Vaults:3 | Found a staircase to the Crypt.
 44268 | Vaults:3 | Reached skill level 15 in Necromancy
 44743 | Vaults:4 | Reached skill level 5 in Spellcasting
 44748 | Vaults:4 | Reached XP level 22. HP: 112/190 MP: 30/39
 45816 | Crypt:1  | Entered Level 1 of the Crypt
 46233 | Crypt:1  | Noticed Jory
 46245 | Crypt:1  | Killed Jory
 47860 | Crypt:3  | Entered Level 3 of the Crypt
 47898 | Crypt:3  | Reached skill level 27 in Invocations
 48147 | Crypt:3  | Found a basalt altar of Yredelemnul.
 48163 | Crypt:3  | Gained mutation: A meltable icy envelope protects you from
                  | harm. (AC +0) [demonic ancestry]
 48163 | Crypt:3  | Reached XP level 23. HP: 197/200 MP: 40/40
 48272 | Crypt:3  | Learned a level 8 spell: Infestation
 48334 | Crypt:3  | Noticed Mennas
 48342 | Crypt:3  | Killed Mennas
 48343 | Crypt:3  | Noticed Margery
 48352 | Crypt:3  | Killed Margery
 48556 | Crypt:3  | Noticed Bai Suzhen
 48567 | Crypt:3  | Killed Bai Suzhen
 49036 | Crypt:3  | Noticed a dread lich
 49043 | Crypt:3  | Killed a dread lich
 49051 | Crypt:3  | Found a staircase to the Tomb.
 49088 | Crypt:3  | Got Zonguldrok's Meditations on the Crypt
 49108 | Crypt:3  | Learned a level 8 spell: Borgnjor's Revivification
 49169 | Crypt:3  | Identified the +1 great sword of the Vanishing Quests
                  | {antimagic, Stlth+}
 49592 | Depths:1 | Entered Level 1 of the Depths
 49707 | Depths:1 | You fall into a shaft and drop 1 floor!
 49916 | Depths:1 | Reached skill level 10 in Spellcasting
 50223 | Depths:1 | Found an iron altar of Okawaru.
 50667 | Depths:1 | Found a gateway to Hell.
 51096 | Depths:2 | Found a one-way gate leading to the halls of Pandemonium.
 51416 | Depths:2 | Reached XP level 24. HP: 200/212 MP: 40/40
 52457 | Depths:3 | Identified the +5 short sword "Loro" {protect, Int+6 Dex+3}
 53128 | Depths:3 | Found a one-way gate to the infinite horrors of the Abyss.
 53362 | Depths:3 | Found Bume's Weapon Boutique.
 53362 | Depths:3 | Found Utsyaroa's Assorted Antiques.
 53366 | Depths:3 | Found Lacodom's Distillery.
 53372 | Depths:3 | Bought a scroll of fear for 120 gold pieces
 53372 | Depths:3 | Bought a scroll of enchant weapon for 225 gold pieces
 53372 | Depths:3 | Bought a scroll of blinking for 225 gold pieces
 53375 | Depths:3 | Bought a potion of curing for 54 gold pieces
 53375 | Depths:3 | Bought a potion of resistance for 180 gold pieces
 53375 | Depths:3 | Bought 2 potions of heal wounds for 180 gold pieces
 53375 | Depths:3 | Bought a potion of invisibility for 144 gold pieces
 53375 | Depths:3 | Bought a potion of heal wounds for 90 gold pieces
 53453 | Depths:3 | Noticed the Enchantress
 53454 | Depths:3 | Found a radiant altar of Vehumet.
 53458 | Depths:3 | Killed the Enchantress
 53478 | Depths:3 | Identified the +1 dagger of Doom {vamp, Will+ Str+3}
 53479 | Depths:3 | Identified the staff "Goblinslayer" {rN+ Str+3 Necro}
 53661 | Depths:4 | Entered Level 4 of the Depths
 53672 | Depths:4 | Found a one-way gateway to a ziggurat.
 53772 | Depths:4 | Found a runed translucent door.
 53891 | Depths:4 | Noticed a juggernaut
 53900 | Depths:4 | Killed a juggernaut
 54547 | Depths:4 | Noticed Grunn
 54556 | Depths:4 | Killed Grunn
 54755 | Depths:4 | Gained mutation: Your flesh is cold resistant. (rC+) [a
                  | shining eye]
 54757 | Depths:4 | Gained mutation: You are weak. (Str -2) [a shining eye]
 54758 | Depths:4 | Gained mutation: You have hidden genetic potential. [a
                  | shining eye]
 54769 | Depths:4 | Gained mutation: You are covered in fur. (AC +1) [a shining
                  | eye]
 54778 | Depths:4 | Identified the +0 helmet of Card Tricks {rF+ rN+ Str+2
                  | Dex+3}
 54779 | Depths:4 | Found a gate to the Realm of Zot.
 55285 | Depths:4 | Voluntarily entered the Abyss.
 55401 | Abyss:3  | Gained mutation: You are powered by pain. [demonic
                  | ancestry]
 55401 | Abyss:3  | Reached XP level 25. HP: 66/224 MP: 20/40
 55416 | Abyss:3  | Got an abyssal rune of Zot
 55569 | Depths:4 | Escaped the Abyss
 56134 | Slime:1  | Entered Level 1 of the Pits of Slime
 56464 | Slime:2  | You fall into a shaft and drop 2 floors!
 56468 | Slime:4  | Noticed Dissolution
 56469 | Slime:4  | Gained mutation: You occasionally lose the ability to drink
                  | potions when taking damage. [a shining eye]
 56481 | Slime:4  | Gained mutation: You are frail. (-10% HP) [a shining eye]
 56483 | Slime:4  | Killed Dissolution
 56614 | Slime:2  | Gained mutation: Armour fits poorly on your strangely
                  | shaped body. [a shining eye]
 56622 | Slime:2  | Lost mutation: You have hidden genetic potential. [a
                  | shining eye]
 56675 | Slime:3  | Lost mutation: You are frail. (-10% HP) [potion of
                  | mutation]
 56675 | Slime:3  | Lost mutation: Your flesh is cold resistant. (rC+) [potion
                  | of mutation]
 56675 | Slime:3  | Lost mutation: You occasionally lose the ability to drink
                  | potions when taking damage. [potion of mutation]
 56675 | Slime:3  | Lost mutation: You are weak. (Str -2) [potion of mutation]
 56675 | Slime:3  | Gained mutation: Your body sometimes deteriorates upon
                  | taking damage. [potion of mutation]
 56675 | Slime:3  | Gained mutation: Your muscles are strong. (Str +4, Int/Dex
                  | -1) [potion of mutation]
 56676 | Slime:3  | Lost mutation: You are covered in fur. (AC +1) [potion of
                  | mutation]
 56676 | Slime:3  | Lost mutation: Armour fits poorly on your strangely shaped
                  | body. [potion of mutation]
 56676 | Slime:3  | Lost mutation: Your muscles are strong. (Str +4, Int/Dex
                  | -1) [potion of mutation]
 56676 | Slime:3  | Gained mutation: You are agile. (Dex +4, Str/Int -1)
                  | [potion of mutation]
 56676 | Slime:3  | Gained mutation: You possess an exceptional clarity of
                  | mind. [potion of mutation]
 56676 | Slime:3  | Gained mutation: Your muscles are strong. (Str +4, Int/Dex
                  | -1) [potion of mutation]
 57080 | Slime:4  | Found a viscous altar of Jiyva.
 57118 | Slime:4  | Gained mutation: You are dopey. (Int -2) [a shining eye]
 57120 | Slime:4  | Gained mutation: You do not regenerate when monsters are
                  | visible. [a shining eye]
 57120 | Slime:4  | Gained mutation: Your magical capacity is low. (-10% MP) [a
                  | shining eye]
 57123 | Slime:4  | Lost mutation: Your muscles are strong. (Str +4, Int/Dex
                  | -1) [potion of mutation]
 57123 | Slime:4  | Lost mutation: You are dopey. (Int -2) [potion of mutation]
 57123 | Slime:4  | Lost mutation: Your body sometimes deteriorates upon taking
                  | damage. [potion of mutation]
 57123 | Slime:4  | Gained mutation: Your body sometimes deteriorates upon
                  | taking damage. [potion of mutation]
 57123 | Slime:4  | Lost mutation: Your body sometimes deteriorates upon taking
                  | damage. [potion of mutation]
 57352 | Slime:5  | Entered Level 5 of the Pits of Slime
 57352 | Slime:5  | Found the +0 mask of the Dragon {Will+ Slay+3 SInv}
 57360 | Slime:5  | Noticed the Royal Jelly
 57371 | Slime:5  | Killed the Royal Jelly
 57375 | Slime:5  | Gained mutation: You occasionally shout uncontrollably at
                  | your foes. [a shining eye]
 57723 | Slime:4  | Lost mutation: You possess an exceptional clarity of mind.
                  | [potion of mutation]
 57723 | Slime:4  | Lost mutation: Your magical capacity is low. (-10% MP)
                  | [potion of mutation]
 57723 | Slime:4  | Lost mutation: You do not regenerate when monsters are
                  | visible. [potion of mutation]
 57723 | Slime:4  | Gained mutation: You occasionally lose the ability to read
                  | scrolls when taking damage. [potion of mutation]
 57724 | Slime:4  | Lost mutation: You occasionally lose the ability to read
                  | scrolls when taking damage. [potion of mutation]
 57724 | Slime:4  | Lost mutation: You occasionally shout uncontrollably at
                  | your foes. [potion of mutation]
 57724 | Slime:4  | Lost mutation: You are agile. (Dex +4, Str/Int -1) [potion
                  | of mutation]
 57724 | Slime:4  | Gained mutation: You do not regenerate when monsters are
                  | visible. [potion of mutation]
 57724 | Slime:4  | Gained mutation: You have sharp toenails. [potion of
                  | mutation]
 57725 | Slime:4  | Lost mutation: You do not regenerate when monsters are
                  | visible. [potion of mutation]
 57725 | Slime:4  | Lost mutation: You have sharp toenails. [potion of
                  | mutation]
 57725 | Slime:4  | Gained mutation: You have hidden genetic potential. [potion
                  | of mutation]
 57779 | Slime:5  | Got a slimy rune of Zot
 57825 | Slime:5  | Got the Exposition on Collective Ice
 57828 | Slime:5  | Identified the +5 dagger of Xurothrij {drain, Str+4 Int+7}
 58192 | Vaults:5 | Entered Level 5 of the Vaults
 58210 | Vaults:5 | Identified the amulet of Elyvilon's Envy {RegenMP rC-
                  | Slay+6 SInv}
 58273 | Vaults:5 | Noticed a dread lich
 58290 | Vaults:5 | Identified the ring of Juecic {Fly rPois rN+ Dex+3 Slay-5}
 58295 | Vaults:5 | Killed a dread lich
 58425 | Vaults:5 | Noticed a dread lich
 58432 | Vaults:5 | Killed a dread lich
 58440 | Vaults:5 | Noticed Saint Roka
 58448 | Vaults:5 | Killed Saint Roka
 58862 | Vaults:5 | Identified the staff of Circular Logic {rC+ Str+3 Ice}
 58898 | Vaults:5 | Identified the +0 robe "Quhuch" {Str+5 Int+3}
 58926 | Vaults:5 | Noticed a dread lich
 58932 | Vaults:5 | Reached XP level 26. HP: 178/223 MP: 37/40
 58934 | Vaults:5 | Killed a dread lich
 59707 | Vaults:5 | Got a silver rune of Zot
 60039 | Tomb:1   | Entered Level 1 of the Tomb of the Ancients
 60615 | Tomb:1   | Noticed a royal mummy
 60626 | Tomb:1   | Killed a royal mummy
 60760 | Tomb:1   | Noticed a royal mummy
 60770 | Tomb:1   | Killed a royal mummy
 61083 | Tomb:1   | Gained mutation: Your system is resistant to poisons.
                  | (rPois) [hidden potential]
 62033 | Tomb:2   | Noticed a royal mummy
 62034 | Tomb:2   | Noticed a royal mummy
 62036 | Tomb:2   | Noticed a royal mummy
 62039 | Tomb:2   | Noticed a royal mummy
 62046 | Tomb:2   | Killed a royal mummy
 62047 | Tomb:2   | Killed a royal mummy
 62048 | Tomb:2   | HP: 3/210 [royal mummy/divine providence (12)]
 62058 | Tomb:2   | HP: 7/210 [skeletal warrior/+0 antimagic halberd (9)]
 62058 | Tomb:2   | HP: 3/210 [mummy (4)]
 62083 | Tomb:2   | Reached skill level 27 in Fighting
 62089 | Tomb:2   | Killed a royal mummy
 62089 | Tomb:2   | HP: 3/212 [something (10)]
 62092 | Tomb:2   | Killed from afar by an ancient champion

Illustrated notes

Levels and vault maps discovered:
D:1:      matt_arrival_spirals, layout_loops_ring,
          ebering_ecumenical_altar_hall, skrybe_limestone_x,
          dreamdust_mushroom_princess
D:2:      layout_basic, uniq_jessica
D:3:      layout_rooms, old_standard_altar, st_stairs_10
D:4:      layout_loops_corners, uniq_blork_the_orc
D:5:      layout_basic, nicolae_overflow_crystal_walls, lemuel_doored_altar
D:6:      layout_basic, nicolae_wu_jian_immortal_techniques,
          minmay_temple_entry_junction, uniq_prince_ribbit1, uniq_jeremiah,
          uniq_sigmund
D:7:      nicolae_whirlpool, layout_basic, mainiacjoe_overflow_brackets,
          corner_web_ring, chequers_decorated_corner, kennysheep_nondescript
D:8:      layout_cave_pods, enter_bailey_2, minmay_fire_ice_demons
D:9:      layout_loops_ring, riverfiend_overflow_shadow_ancestor,
          nicolae_vehumet_radiance, gammafunk_temple_overflow_statue,
          tso_metal_star
D:10:     layout_roguey, hiddenorc1_lemuel, uniq_erica, uniq_joseph
D:11:     layout_roguey, minivault_4
D:12:     layout_stronghold, uniq_jorgrun
D:13:     layout_rooms
D:14:     layout_rooms, erik_vaults_2, kennysheep_big_empty_room, minivault_14,
          nicolae_elyvilon_peaceful_grove
D:15:     gammafunk_enter_depths_forms, layout_small_grid, kennysheep_doodads,
          nicolae_looking_at_the_future
Temple:   bh_familiar_temple
Lair:1:   layout_regular_city
Lair:2:   layout_big_grid, spider_nest_entry_rubble, nicolae_lair_lil_pond,
          infiniplex_staircase_pool, grunt_megastairs_5
Lair:3:   layout_roguey, elwin_shoals_entry_stream, basic_altar,
          hangedman_tree_tricks, ice2_lemuel, uniq_rupert
Lair:4:   dreamdust_cave_troll, layout_regular_city,
          nicolae_slime_entry_field_trip, fungi_pond_lemuel,
          chequers_serial_rivers_micro_e, beast_lair_carwin_1,
          lemuel_fruit_fields, lemuel_fruit_tree, uniq_nessos
Lair:5:   grunt_lair_end_beastmaster, layout_long_grid, serial_bayou,
          serial_bayou_shore_a, serial_bayou_pond_d, serial_bayou_lagoon_b,
          serial_bayou_pond_d, serial_bayou_shore_b, portal_ice_cave_rime,
          basic_altar
Shoals:1: nicolae_shoals_lighthouse, layout_shoals
Shoals:2: nicolae_shoals_island_circles, layout_shoals,
          nicolae_shoals_hidden_pirate_stash
Shoals:3: layout_shoals, nicolae_shoals_lost_giant_hut,
          nicolae_shop_overcharged_wands
Shoals:4: shoals_end_hangedman, layout_shoals, nicolae_shoals_secluded_bog
Spider:1: gammafunk_boulding_lane, drop_trap, uniq_nikola, uniq_azrael
Spider:2: layout_cave_pods, nicolae_spider_baby_got_redback
Spider:3: layout_chambers
Spider:4: floodkiller_spider_rune_tomb
Slime:1:  layout_caves, cheibrodos_slime_lost_civilization_7
Slime:2:  layout_caves, cheibrodos_slime_lost_civilization_5
Slime:3:  layout_caves
Slime:4:  layout_caves, basic_altar, dissolution_awaits
Slime:5:  slime_pit_nicolae_jellycorners, uniq_dissolution
Orc:1:    layout_caves, serial_shops, nicolae_shop_rolling_square,
          minmay_orc_barracks
Orc:2:    hellmonk_orc_salted, layout_caves, bloody_makhleb, uniq_sonja
Elf:1:    elf_arrival_001, layout_onion_city, basic_altar, serial_shops, shop,
          hangedman_elven_crosses_minicolossus, drop_trap, uniq_donald,
          uniq_agnes
Elf:2:    nicolae_elf_blades_crystal_corner, layout_gridlike, grunt_megastairs_4
Elf:3:    minmay_elf_hall_four_x, layout_geoelf_grid, serial_shops,
          nicolae_diamond_shop
Vaults:1: nicolae_vaults_trapezoid_lopsided_3, hangedman_vaults_slice,
          nicolae_vaults_shrinking_rooms_1, v_misc_12,
          nicolae_vaults_know_your_exits, v_misc_10, ontoclasm_vaults_pinch,
          v_pattern_5, dpeg_vaults_monster_row, nicolae_vaults_diamond_1,
          layout_vaults_big_room
Vaults:2: v_alt_pattern_2, ontoclasm_vaults_eye, hangedman_vaults_snaps,
          nicolae_vaults_theta, st_more_cells,
          nicolae_vaults_network_quinsquares
          [nicolae_vaults_network_quincunx_subvault,
          nicolae_vaults_network_quincunx_subvault,
          nicolae_vaults_network_quincunx_subvault,
          nicolae_vaults_network_quincunx_subvault], nicolae_vaults_asterisk,
          vaults_room_large_hall, nicolae_vaults_octothorpe,
          hangedman_vaults_restitches, v_misc_25,
          nicolae_vaults_little_squares_2, nicolae_vaults_storage_closets_2,
          nicolae_vaults_tetromino_L_2, vaults_dpeg_cross,
          nicolae_vaults_two_Ls, layout_vaults_maze_snakey, serial_shops, shop,
          uniq_asterion
Vaults:3: ebering_ghost_disaster_area, v_misc_26, minmay_crypt_entry_vampire_xt,
          nicolae_vaults_trapezoid_lopsided_2, nicolae_vaults_mitosis,
          v_alt_pattern_2, grunt_vaults_focal, v_misc_4,
          nicolae_vaults_storage_closets_1, nicolae_vaults_security_offices_5,
          layout_vaults_omnibox, uniq_zenata
Vaults:4: hangedman_vaults_stream, nicolae_vaults_back_hallway,
          nicolae_vaults_more_shelving_1, nicolae_vaults_more_shelving_2,
          nicolae_vaults_sesquioval_fish, v_pattern_4,
          nicolae_vaults_little_squares_3, nicolae_vaults_angled_halls,
          nicolae_vaults_trapezoid_1, nicolae_vaults_heist,
          nicolae_vaults_tetromino_Z_2, nicolae_vaults_mush_room,
          layout_vaults_ring, uniq_xtahua
Vaults:5: uniq_saint_roka
Crypt:1:  hangedman_screamer, layout_misc_corridors, grunt_crypt_arrival_webbed,
          grunt_megastairs_2, lemuel_upstairs_altar, uniq_jory
Crypt:2:  layout_chaotic_city
Crypt:3:  grunt_crypt_end_deaths_head, uniq_mennas, uniq_bai_suzhen,
          uniq_margery
Tomb:1
Tomb:2
Depths:1: layout_gridlike, hell_entry, minmay_misc_feat_iff, okawaru_trees_1
Depths:2: regret_index_all_hallows'_manor, layout_gridlike,
          rand_demon_pan_entry_1, hell_entry
Depths:3: grunt_forest_end_shrine, layout_cave_shapes, grunt_pan_entry_sceptre,
          fountainhead, abyss_entry, hangedman_geh_valley,
          infiniplex_staircase_spiral, minmay_shop_star
Depths:4: grunt_zot_entry_alcove, layout_basic, enter_ziggurat_c,
          nicolae_hell_entry_hellmouth_sunbeams, abyss_entry_crystal,
          serial_library_regret_index_branch_corner, minmay_acid_items,
          uniq_grunn

Skill      XL: |  1  2  3  4  5  6  7  8  9 10 11 12 13 14 15 16 17 18 19 20 21 22 23 24 25 26 |
---------------+-------------------------------------------------------------------------------+-----
Throwing       | 2 |  2.1
Axes           | 3 4 5 6 7 8 10 11 12 13 14 15 16 17 18 | 18.0
Dodging        | 3 |  3.0
Armour         | 1 2 3 4 5 7 8 9 |  9.0
Fighting       | 3 4 5 7 8 9 10 11 12 13 14 15 16 17 18 19 20 21 22 24 26 27 | 27.0
Invocations    | 1 5 8 10 12 14 17 19 20 21 22 23 24 26 27 | 27.0
Necromancy     | 3 6 7 9 11 13 15 16 19 21 23 25 | 25.3
Shields        | 4 8 10 12 14 15 | 15.1
Spellcasting   | 5 8 10 | 10.1

Action                     |  1- 3 |  4- 6 |  7- 9 | 10-12 | 13-15 | 16-18 | 19-21 | 22-24 | 25-27 || total
---------------------------+-------+-------+-------+-------+-------+-------+-------+-------+-------++-------
  Melee: War axe           |    79 |   143 |    96 |       |       |       |       |       |       ||   318
         Punch             |     1 |       |     4 |     9 |     2 |       |       |       |       ||    16
         Headbutt          |       |    25 |    40 |   134 |   275 |   309 |   274 |   335 |   170 ||  1562
         Trident           |       |       |   208 |   608 |   985 |  1200 |       |       |       ||  3001
         Broad axe         |       |       |       |       |       |   105 |  1022 |  1088 |   513 ||  2728
  Throw: Throwing net      |       |     3 |     1 |       |       |       |       |       |       ||     4
   Cast: Animate Dead      |       |       |       |       |       |       |       |       |     5 ||     5
         Infestation       |       |       |       |       |       |       |       |       |     2 ||     2
         Borgnjor's Revivi |       |       |       |       |       |       |       |       |     2 ||     2
         Dispel Undead     |       |       |       |       |       |       |       |       |     4 ||     4
 Invoke: Bend Time         |       |       |       |     1 |     2 |     2 |       |     1 |       ||     6
         Slouch            |       |       |       |       |     6 |    13 |     4 |     1 |     3 ||    27
         Temporal Distorti |       |       |       |       |       |       |     1 |     1 |     5 ||     7
         Step From Time    |       |       |       |       |       |       |       |       |     1 ||     1
  Evoke: Wand              |       |       |     2 |     2 |    12 |     3 |       |     1 |       ||    20
    Use: Potion            |       |     1 |     7 |     2 |     2 |     4 |     2 |     3 |    28 ||    49
         Scroll            |       |     5 |     2 |     7 |    12 |    23 |     4 |     4 |     6 ||    63
   Stab: Held in net/web   |       |     1 |       |       |       |       |     1 |       |       ||     2
         Invisible         |       |       |     7 |     3 |       |       |       |       |       ||    10
         Confused          |       |       |       |     1 |       |       |       |       |       ||     1
         Distracted        |       |       |       |       |     2 |     4 |       |       |     3 ||     9
         Petrified         |       |       |       |       |    11 |       |       |       |       ||    11
         Petrifying        |       |       |       |       |     4 |       |       |       |       ||     4
         Sleeping          |       |       |       |       |       |     1 |       |       |       ||     1
 Armour: Leather armour    |    51 |       |       |       |       |       |       |       |       ||    51
         Plate armour      |    13 |   166 |     1 |       |       |       |       |       |       ||   180
         Chain mail        |       |       |   361 |    12 |       |       |       |       |       ||   373
         Crystal plate arm |       |       |       |   508 |   627 |   718 |   981 |   783 |   513 ||  4130
  Dodge: Dodged            |    71 |    56 |   213 |   218 |   251 |   221 |   338 |   252 |   201 ||  1821
  Block: Other             |       |       |       |    38 |     8 |       |       |       |       ||    46
         Kite shield       |       |       |       |       |   984 |  1128 |  1557 |  1334 |   698 ||  5701

Table legend: (Time is in decaauts)
 A = Elapsed time spent in this place.
 B = Non-inter-level travel time spent in this place.
 C = Inter-level travel time spent in this place.
 D = Time resting spent in this place.
 E = Time spent auto-exploring this place.
 F = Levels seen in this place.
 G = Mean time per level.
                   A        B        C        D        E       F      G
               +--------+--------+--------+--------+--------+-----+--------+
         Total |  92202 |  85672 |   6530 |  12399 |  54760 |  58 | 1589.7 |
       Dungeon |  20414 |  18831 |   1583 |   3376 |  11856 |  15 | 1360.9 |
        Temple |     66 |     30 |     36 |      0 |      0 |   1 |   66.0 |
          Lair |   9431 |   8299 |   1132 |    178 |   6757 |   5 | 1886.2 |
        Shoals |   7684 |   7320 |    364 |   1149 |   4460 |   4 | 1921.0 |
   Spider Nest |   7466 |   6957 |    509 |   1074 |   4782 |   4 | 1866.5 |
    Slime Pits |   2739 |   2599 |    140 |    540 |   1552 |   5 |  547.8 |
  Orcish Mines |   2554 |   2434 |    120 |     11 |   1891 |   2 | 1277.0 |
   Elven Halls |   8763 |   8473 |    290 |   2052 |   4294 |   3 | 2921.0 |
        Vaults |  12308 |  11352 |    956 |    548 |   8675 |   5 | 2461.6 |
         Crypt |   5915 |   5294 |    621 |    709 |   3075 |   3 | 1971.7 |
          Tomb |   2881 |   2671 |    210 |    717 |   1371 |   2 | 1440.5 |
        Depths |   9095 |   8532 |    563 |   1469 |   5455 |   4 | 2273.8 |
         Abyss |   1095 |   1095 |      0 |    178 |      0 |   3 |  365.0 |
        Bailey |    884 |    884 |      0 |    396 |     27 |   1 |  884.0 |
      Ice Cave |    902 |    902 |      0 |      0 |    562 |   1 |  902.0 |
               +--------+--------+--------+--------+--------+-----+--------+

Top non-repeatable levels by time:
   Elf:2: 3386 daAuts
   Elf:3: 2959 daAuts
Vaults:3: 2897 daAuts
    D:15: 2832 daAuts
  Tomb:1: 2808 daAuts
Depths:4: 2768 daAuts
Vaults:5: 2566 daAuts
Vaults:1: 2511 daAuts
   Elf:1: 2416 daAuts
Vaults:4: 2404 daAuts
Spider:3: 2389 daAuts
Shoals:4: 2380 daAuts
Shoals:1: 2336 daAuts
 Crypt:3: 2320 daAuts
Depths:2: 2183 daAuts
